 Dungeon Crawl Stone Soup version 0.32-a0-768-g0f6f1dd4b9 (webtiles) character file.

Game seed: 12480965873248748105

42 jasper the Shooter (level 3, -1/27 HPs)
             Began as a Coglin Hunter on Mar 18, 2024.
             Was a Follower of Lugonu.
             Slain by Terence
             ... wielding a +0 mace of protection
              (4 damage)
             ... on level 2 of the Dungeon.
             The game lasted 00:02:01 (697 turns).

jasper the Shooter (Coglin Hunter)                   Turns: 697, Time: 00:02:02

Health: -1/27      AC:  4    Str: 11    XL:     3   Next: 54%
Magic:  3/3        EV: 11    Int:  8    God:    Lugonu [*.....]
Gold:   30         SH:  0    Dex: 19    Spells: 2/2 levels left

rFire   . . .        a - +2 sling {Tejnoor}
rCold   . . .        d - +0 sling {Haeun}
rNeg    . . .        c - +0 leather armour
rPois   .            (no helmet)
rElec   .            (no cloak)
rCorr   .            i - +0 pair of gloves
SInv    .            (no boots)
Will    .....        (amulet unavailable)
Stlth   ++           (ring unavailable)
HPRegen 0.24/turn    (ring unavailable)
MPRegen 0.08/turn    (no gizmo)

%: no passive effects
@: revved
A: off-hand wielding, slow wielding, warmup strikes, no jewellery
a: Invent Gizmo, Renounce Religion, Depart the Abyss


You were on level 2 of the Dungeon.
You worshipped Lugonu.
Lugonu was aware of your devotion.
You visited 1 branch of the dungeon, and saw 2 of its levels.

You collected 30 gold pieces.

Inventory:

Hand Weapons
 a - a +2 sling (weapon) {Tejnoor}
 d - a +0 sling (offhand) {Haeun}
Armour
 c - a +0 leather armour (worn)
 i - a +0 pair of gloves (worn)
Scrolls
 b - a scroll of butterflies
 j - a scroll of immolation
Potions
 g - 2 potions of mutation


   Skills:
 - Level 2.0 Fighting
 + Level 4.7 Ranged Weapons
 - Level 1.7 Dodging
 - Level 0.7 Stealth


You had 2 spell levels left.
You didn't know any spells.
Your spell library was empty.

Dungeon Overview and Level Annotations

Branches:
Dungeon (2/15)

Altars:
Lugonu

Annotations:
D:2 Terence


Innate Abilities, Weirdness & Mutations

You can wield a second weapon in your off-hand.
It takes a long time for you to wield or remove held weapons.
Your first few attacks do less damage.
You cannot equip rings or amulets.


Message History

The sling bullet hits Terence.
Terence is heavily wounded.
Terence hits you with a +0 mace of protection.
You take 4 damage, and have 10/27 hp.
Fire: a) +2 sling {Tejnoor}
Press: ? - help, Q - select action, (/) - cycle Shift-Dir - straight line, f/p - Terence
Aim: Terence, wielding a +0 mace of protection and wearing a +0 chain mail (heavily wounded, 71% to hit)
You shoot a sling bullet. The sling bullet barely misses Terence.
You shoot a sling bullet.
The sling bullet hits Terence but does no damage.
Terence is heavily wounded.
Terence hits you with a +0 mace of protection.
* * * LOW HITPOINT WARNING * * *
You take 6 damage, and have 4/27 hp.
MASSIVE DAMAGE!!
Fire: a) +2 sling {Tejnoor}
Press: ? - help, Q - select action, (/) - cycle Shift-Dir - straight line, f/p - Terence
Aim: Terence, wielding a +0 mace of protection and wearing a +0 chain mail (heavily wounded, 71% to hit)
You shoot a sling bullet. The sling bullet hits Terence.
Terence is heavily wounded.
You shoot a sling bullet.
The sling bullet completely misses Terence.
Terence hits you with a +0 mace of protection.
* * * LOW HITPOINT WARNING * * *
Terence closely misses you.
You take 2 damage, and have 2/27 hp.
You feel yourself speed up. Terence misses you.
It was a potion of cancellation.
Your magical effects are unravelling.
You feel magically purged.
You feel yourself slow down.
Fire: a) +2 sling {Tejnoor}
Press: ? - help, Q - select action, (/) - cycle Shift-Dir - straight line, f/p - Terence
Aim: Terence, wielding a +0 mace of protection and wearing a +0 chain mail (heavily wounded, 71% to hit)
You shoot a sling bullet. The sling bullet barely misses Terence.
You shoot a sling bullet.
The sling bullet hits Terence but does no damage.
Terence is heavily wounded.
Terence hits you with a +0 mace of protection.
You die...
Terence says, "Rest in peace."

#.# #.# #.# #.. #.# #.#
#.# #.# #.# #.# #.###.#
### ###
#..##.#######@#...#
##^#.#........@.#
###.###.[.........#
#..## ##.#######..#
#.#.###.....####.#...
#.##.#.###.......#.....
#.###.## #..####.#..##.
#...######..# #.#..#
###.##......# #.# .#


You could see Terence.

Vanquished Creatures
  An adder (D:2)
  2 dart slugs
  A ball python (D:1)
  3 bats (D:1)
  2 endoplasms
  2 giant cockroaches (D:1)
  3 goblins (D:1)
  4 hobgoblins (D:1)
  A kobold (D:1)
  2 quokkas (D:1)
  4 frilled lizards (D:1)
  2 rats (D:1)
27 creatures vanquished.

Notes
Turn   | Place    | Note
-------+----------+-------------------------------------------
     0 | D:1      | jasper the Coglin Hunter began the quest for the Orb.
     0 | D:1      | Reached XP level 1. HP: 16/16 MP: 1/1
   159 | D:1      | Reached skill level 4 in Ranged Weapons
   159 | D:1      | Reached XP level 2. HP: 22/22 MP: 2/2
   308 | D:1      | Found a faded altar of an unknown god.
   368 | D:1      | Reached XP level 3. HP: 27/27 MP: 3/3
   377 | D:1      | Prayed at the altar of an unknown god.
   377 | D:1      | Became a worshipper of Lugonu the Unformed
   377 | D:1      | Reached * piety under Lugonu
   681 | D:2      | Noticed Terence
   697 | D:2      | Slain by Terence

Illustrated notes

Levels and vault maps discovered:
D:1:      saegor_arrival_simple_c, layout_rooms,
          hellmonk_ecumenical_altar_blasted, kennysheep_small_spiral
D:2:      layout_loops_ring, uniq_terence, uniq_robin, uniq_jessica

Skill      XL: |  1 |
---------------+----+-----
Ranged Weapons | 4 |  4.7
Fighting       | |  2.0
Dodging        | |  1.7
Stealth        | |  0.7

Action                     || total
---------------------------++-------
   Fire: Sling             ||   122
    Use: Scroll            ||     2
         Potion            ||     2
 Armour: Leather armour    ||    13
  Dodge: Dodged            ||    12

Table legend: (Time is in decaauts)
 A = Elapsed time spent in this place.
 B = Non-inter-level travel time spent in this place.
 C = Inter-level travel time spent in this place.
 D = Time resting spent in this place.
 E = Time spent auto-exploring this place.
 F = Levels seen in this place.
 G = Mean time per level.
                   A        B        C        D        E       F      G
               +--------+--------+--------+--------+--------+-----+--------+
         Total |    710 |    691 |     19 |    102 |    464 |   2 |  355.0 |
       Dungeon |    710 |    691 |     19 |    102 |    464 |   2 |  355.0 |
               +--------+--------+--------+--------+--------+-----+--------+

Top non-repeatable levels by time:
     D:1: 604 daAuts
     D:2: 105 daAuts
